 Dungeon Sprint DCSS version 0.26-a0-720-g2a1d101370 (webtiles) character file.

Game seed: 13627288472165593760

858 mhtbhm the Carver (level 7, 0/70 HPs)
             Began as a Minotaur Fighter on Nov 2, 2020.
             Was an Initiate of Gozag.
             Slain by a skeletal warrior
             ... wielding a +0 glaive
              (19 damage)
             ... in the Dungeon (Sprint IX: "|||||||||||||||||||||||||||||").
             The game lasted 00:01:18 (404 turns).

mhtbhm the Carver (Minotaur Fighter)                 Turns: 404, Time: 00:01:19

Health: 0/70       AC: 15    Str: 23    XL:     7   Next: 71%
Magic:  6/6        EV:  7    Int:  8    God:    Gozag
Gold:   351        SH: 12    Dex: 12    Spells: 6/6 levels left

rFire    . . .     SeeInvis .   a - +2 scimitar (freeze)
rCold    . . .     Faith    .   c - +0 kite shield
rNeg     . . .     Spirit   .   b - +0 plate armour
rPois    .         Reflect  .   (helmet restricted)
rElec    .         Harm     .   o - +0 cloak
rCorr    .         Rampage  .   (no gloves)
MR       .....     NoTele   +   (no boots)
Stlth    ..........             (no amulet)
HPRegen  0.21/turn              p - +3 ring of dexterity
MPRegen  0.10/turn              q - +3 ring of intelligence

@: no status effects
A: retaliatory headbutt, horns 2
a: Potion Petition, Call Merchant, Bribe Branch, Renounce Religion


You were in the Dungeon.
You worshipped Gozag.
Gozag was aware of your devotion.
You visited 1 branch You collected 351 gold pieces.

Inventory:

Hand Weapons
 a - a +2 scimitar of freezing (weapon)
Armour
 b - a +0 plate armour (worn)
 c - a +0 kite shield (worn)
 o - a +0 cloak (worn)
Jewellery
 p - a +3 ring of dexterity (left hand)
 q - a +3 ring of intelligence (right hand)
Wands
 n - a wand of iceblast (5)
Scrolls
 j - a scroll of blinking
 l - 3 scrolls of remove curse
 m - 2 scrolls of amnesia
Potions
 d - a potion of might
 e - 5 potions of curing
 f - a potion of heal wounds
 g - a potion of haste
 h - 4 potions of magic
 i - a potion of berserk rage
 k - a potion of invisibility


   Skills:
 + Level 9.1 Fighting
 + Level 11.9 Long Blades
 + Level 9.9 Armour
 + Level 2.4 Dodging
 + Level 10.8 Shields
 + Level 0.5 Evocations


You had 6 spell levels left.
You didn't know any spells.
Your spell library was empty.

Dungeon Overview and Level Annotations

Branches:
Dungeon (1/1)

Altars:
Cheibriados
Dithmenos
Elyvilon
Fedhas
Gozag
Hepliaklqana
Kikubaaqudgha
Makhleb
Nemelex Xobeh
Okawaru
Qazlal
Ru
Sif Muna
Trog
Uskayaw
Vehumet
Wu Jian
Xom
Yredelemnul
Zin
The Shining One
Beogh
Jiyva
Lugonu


Innate Abilities, Weirdness & Mutations

You reflexively headbutt those who attack you in melee.
You have a pair of horns on your head.


Message History

Aim: a skeletal warrior, wielding a +0 glaive (lightly damaged)
The mass of ice explodes!
The iceblast engulfs the skeletal warrior.
The skeletal warrior partially resists.
The skeletal warrior is lightly damaged.
The iceblast engulfs the centaur warrior!
The centaur warrior is lightly wounded.
Unknown command.
Evoke which item? (* to show all) (? for menu, Esc to quit)
Aiming: Iceblast
Press: ? - help, Shift-Dir - straight line, f/p - skeletal warrior
Aim: a skeletal warrior, wielding a +0 glaive (lightly damaged)
The mass of ice explodes!
The iceblast engulfs the skeletal warrior.
The skeletal warrior is lightly damaged.
Unknown command.
Unknown command.
The skeletal warrior hits you with a +0 glaive!!
You die...
Your body crumbles into a pile of gold.

▓▓▓
▓<▓
▓@▓
▓z▓
▓c▓
▓÷▓
▓.▓
▓z▓
▓.▓
▓.▓
▓.▓


You could see a skeletal warrior, a centaur warrior and a wight.

Vanquished Creatures
  An unseen horror (D)
  An orc warrior (D)
  A phantom (D)
  An eye of draining (D)
  A hound (D)
  An ufetubus (D)
  2 adder skeletons (D)
  A leopard gecko (D)
  3 orcs (D)
  2 bats (D)
  A bat skeleton (D)
  A bat zombie (D)
  A giant cockroach (D)
  A hobgoblin (D)
  A rat (D)
19 creatures vanquished.

Notes
Turn   | Place    | Note
-------+----------+-------------------------------------------
     0 | D        | mhtbhm the Minotaur Fighter began the quest for the Orb.
     0 | D        | Reached XP level 1. HP: 19/19 MP: 0/0
    24 | D        | Reached XP level 2. HP: 28/28 MP: 1/1
    27 | D        | Reached skill level 3 in Long Blades
    36 | D        | Reached skill level 5 in Shields
    43 | D        | Found a roughly hewn altar of Beogh.
    43 | D        | Found a snail-covered altar of Cheibriados.
    43 | D        | Found a shadowy altar of Dithmenos.
    43 | D        | Found a white marble altar of Elyvilon.
    43 | D        | Found a blossoming altar of Fedhas.
    43 | D        | Found an opulent altar of Gozag.
    44 | D        | Found a hazy altar of Hepliaklqana.
    45 | D        | Found a viscous altar of Jiyva.
    46 | D        | Found an ancient bone altar of Kikubaaqudgha.
    47 | D        | Found a corrupted altar of Lugonu.
    48 | D        | Found a burning altar of Makhleb.
    49 | D        | Found a sparkling altar of Nemelex Xobeh.
    50 | D        | Found an iron altar of Okawaru.
    51 | D        | Found a stormy altar of Qazlal.
    52 | D        | Found a sacrificial altar of Ru.
    53 | D        | Found a shimmering blue altar of Sif Muna.
    54 | D        | Found a bloodstained altar of Trog.
    55 | D        | Found a hide-covered altar of Uskayaw.
    56 | D        | Found a radiant altar of Vehumet.
    57 | D        | Found an ornate altar of the Wu Jian Council.
    58 | D        | Found a shimmering altar of Xom.
    59 | D        | Found a basalt altar of Yredelemnul.
    60 | D        | Found a glowing silver altar of Zin.
    61 | D        | Found a glowing golden altar of the Shining One.
    97 | D        | Became a worshipper of Gozag Ym Sagoz the Greedy
   167 | D        | Noticed an orc warrior
   167 | D        | Noticed an eye of draining
   172 | D        | Reached skill level 5 in Armour
   174 | D        | Reached skill level 5 in Fighting
   174 | D        | Reached skill level 4 in Long Blades
   174 | D        | Reached XP level 3. HP: 33/36 MP: 0/2
   181 | D        | Killed an orc warrior
   181 | D        | Reached skill level 6 in Long Blades
   181 | D        | Reached skill level 1 in Dodging
   181 | D        | Reached XP level 4. HP: 24/45 MP: 0/3
   181 | D        | Reached XP level 5. HP: 27/51 MP: 0/4
   187 | D        | Killed an eye of draining
   187 | D        | Reached skill level 7 in Long Blades
   330 | D        | Noticed a phantom
   330 | D        | Noticed a skeletal warrior
   330 | D        | Noticed a centaur warrior
   343 | D        | Killed a phantom
   343 | D        | Reached skill level 9 in Long Blades
   343 | D        | Reached XP level 6. HP: 16/61 MP: 5/5
   346 | D        | Killed an unseen horror
   346 | D        | Reached skill level 11 in Long Blades
   346 | D        | Reached skill level 10 in Shields
   346 | D        | Reached XP level 7. HP: 8/70 MP: 6/6
   404 | D        | Slain by a skeletal warrior

Illustrated notes

Levels and vault maps discovered:
D:        linesprint [early_d, line_temple, items_1, d_10, items_2, lair_1,
          lair_end, items_3, orc_1, orc_end, items_4, d_15, swamp_1, shoals_1,
          snake_1, spider_1, d_20, vaults_1, items_5, swamp_end, shoals_end,
          snake_end, spider_end, vaults_end, d_27, items_6, zot_1, zot_end,
          crypt_end, forest_end, elf_end, slime_end, tomb_end, abyss_end,
          pan_hell_end]

Skill      XL: |  1  2  3  4  5  6 |
---------------+-------------------+-----
Fighting       | 4 5 6 7 9 |  9.1
Armour         | 4 5 6 8 9 |  9.9
Shields        | 4 5 7 9 10 | 10.8
Long Blades    | 4 6 9 11 | 11.9
Dodging        | 1 2 |  2.4
Evocations     | |  0.5

Action                   |  1- 3 |  4- 6 |  7- 9 || total
-------------------------+-------+-------+-------++-------
Melee: Long sword        |    26 |       |       ||    26
       Headbutt          |     5 |     2 |       ||     7
       Scimitar          |    13 |    17 |       ||    30
Evoke: Wand              |       |     1 |     4 ||     5
  Use: Potion            |       |     1 |     1 ||     2
       Scroll            |       |       |     1 ||     1
Armor: Scale mail        |    15 |       |       ||    15
       Plate armour      |     6 |    14 |       ||    20
Dodge: Dodged            |    12 |       |       ||    12
Block: Kite shield       |    30 |     7 |       ||    37
       Rpst.: Long sword |     3 |       |       ||     3

Table legend: (Time is in decaauts)
 A = Elapsed time spent in this place.
 B = Non-inter-level travel time spent in this place.
 C = Inter-level travel time spent in this place.
 D = Time resting spent in this place.
 E = Time spent auto-exploring this place.
 F = Levels seen in this place.
 G = Mean time per level.
                   A        B        C        D        E       F      G
               +--------+--------+--------+--------+--------+-----+--------+
         Total |    415 |    415 |      0 |    130 |      3 |   1 |  415.0 |
       Dungeon |    415 |    415 |      0 |    130 |      3 |   1 |  415.0 |
               +--------+--------+--------+--------+--------+-----+--------+

Top non-repeatable levels by time:
       D: 415 daAuts
